 Dungeon Crawl Stone Soup version 0.27.1-33-g824d729ab1 (webtiles) character file.

Game seed: 12655966504119316097

211 Thatpatchoflichen the Ducker (level 5, 0/37 HPs)
             Began as an Octopode Berserker on Nov 29, 2021.
             Was a Believer of Trog.
             Succumbed to an adder's poison
             ... on level 1 of the Dungeon.
             The game lasted 00:04:45 (2029 turns).

Thatpatchoflichen the Ducker (Octopode Berserker)   Turns: 2029, Time: 00:04:46

Health: 0/37       AC:  1    Str: 17    XL:     5   Next: 88%
Magic:  5/5        EV: 14    Int: 10    God:    Trog [**....]
Gold:   40         SH:  0    Dex: 11    Spells: 4/4 levels left

rFire    . . .     SeeInvis .     - Unarmed
rCold    . . .     Faith    .   (no shield)
rNeg     . . .     Spirit   .   (helmet restricted)
rPois    .         Reflect  .   (no amulet)
rElec    .         Harm     .   (no ring)
rCorr    .         Rampage  .   (no ring)
Will     .....                  (no ring)
Stlth    +++.......             (no ring)
HPRegen  0.12/turn              (no ring)
MPRegen  0.09/turn              (no ring)
                                (no ring)
                                (no ring)

@: lethally poisoned (0 -> -4)
A: almost no armour, amphibious, 8 rings, camouflage 1, gelatinous body 1,
(nimble swimmer 1), tentacles
a: Renounce Religion, Berserk, Trog's Hand


You were on level 1 of the Dungeon.
You worshipped Trog.
Trog was pleased with you.
You visited 1 branch of the dungeon, and saw 2 of its levels.

You collected 40 gold pieces.

Inventory:

Wands
 h - a wand of digging (3)
Scrolls
 c - a scroll of enchant weapon {unknown}
 e - a scroll of teleportation {unknown}
 f - a scroll of vulnerability {unknown}
Potions
 a - a potion of brilliance {unknown}
 b - a potion of ambrosia {unknown}
 d - a potion of degeneration {unknown}
 g - a potion of curing {unknown}


   Skills:
 + Level 4.1 Fighting
 + Level 4.1 Dodging
 + Level 3.0 Stealth
 + Level 4.1 Unarmed Combat


You had 4 spell levels left.
You didn't know any spells.
Your spell library was empty.

Dungeon Overview and Level Annotations

Branches:
Dungeon (2/15)

Altars:
Dithmenos


Innate Abilities, Weirdness & Mutations

You cannot wear most types of armour.
You are amphibious.
You can wear up to eight rings at the same time.
Your skin changes colour to match your surroundings (Stealth+).
Your rubbery body absorbs attacks. (AC +1, EV +1)
((You are camouflaged near water. (Stealth+)))
You have tentacles for arms and can constrict up to eight enemies at once.


Message History

The adder bites you.
You are poisoned.
The adder poisons you!
You feel sick.
You feel sick.
You feel sick. The adder bites you but does no damage.
You feel sick.
You are no longer poisoned.
The adder bites you. The adder misses you. The adder bites you.
The adder bites you.
You are poisoned.
The adder poisons you!
You feel sick.
You feel sick. The adder misses you. The adder bites you.
You are more poisoned.
The adder poisons you!
There is a stone staircase leading up here.
You feel sick. The adder closely misses you.
You climb upwards.
You feel sick.
There is a stone staircase leading down here.
You barely miss the adder. Your grab misses the adder.
You feel sick. The adder barely misses you.
You tentacle-slap the adder but do no damage.
Your grab misses the adder. Your squeeze misses the adder.
You feel sick. The adder closely misses you.
You miss the adder. You grab the adder. You constrict the adder.
You feel sick. The adder bites you.
* * * LOW HITPOINT WARNING * * *
You release your grip on the adder.
You feel sick.
You are no longer poisoned.
The adder bites you.
* * * LOW HITPOINT WARNING * * *
You are lethally poisoned!
The adder poisons you!
* * * LOW HITPOINT WARNING * * *
You feel sick.
* * * LOW HITPOINT WARNING * * *
You feel sick.
You die...

##### ###>..####### ###
#....S.@....######.##
##########.#...#####.......#.##
...........#...###.....##.###.##
########.#####.........#.##
##.## #...#............## ##.#
###.#..###...^..#.## ##.##
#.....# #......##.###.##
###.#...# #.########.#.##
#...#...# #.# ##..#


You could see an adder.

Vanquished Creatures
  Sigmund (D:2)
  A gnoll (D:1)
  A dart slug (D:2)
  3 bats
  5 endoplasms (D:1)
  2 giant cockroaches (D:1)
  6 goblins
  2 hobgoblins (D:2)
  6 kobolds
  5 quokkas (D:1)
  2 ball pythons
  A frilled lizard (D:2)
  5 rats
40 creatures vanquished.

Notes
Turn   | Place    | Note
-------+----------+-------------------------------------------
     0 | D:1      | Thatpatchoflichen the Octopode Berserker began the quest
                  | for the Orb.
     0 | D:1      | Reached XP level 1. HP: 16/16 MP: 1/1
   217 | D:1      | Reached XP level 2. HP: 8/21 MP: 2/2
   510 | D:1      | Reached XP level 3. HP: 20/26 MP: 3/3
  1467 | D:2      | Reached ** piety under Trog
  1514 | D:2      | Found a shadowy altar of Dithmenos.
  1713 | D:2      | Noticed Sigmund
  1728 | D:2      | Reached skill level 1 in Stealth
  1730 | D:2      | Reached XP level 4. HP: 14/32 MP: 4/4
  1915 | D:2      | Killed Sigmund
  1916 | D:2      | Reached XP level 5. HP: 37/37 MP: 5/5
  2028 | D:1      | HP: 1/37 [poisoned by an adder]
  2029 | D:1      | Succumbed to an adder's poison

Illustrated notes

Levels and vault maps discovered:
D:1:      mrwooster_arrival_statue_2, layout_loops_ring
D:2:      layout_rooms, basic_altar, uniq_sigmund

Skill      XL: |  1  2  3  4 |
---------------+-------------+-----
Stealth        | 1 3 |  3.0
Fighting       | 4 |  4.1
Dodging        | 4 |  4.1
Unarmed Combat | 4 |  4.1

Action                   |  1- 3 |  4- 6 || total
-------------------------+-------+-------++-------
Melee: Unarmed           |    79 |    11 ||    90
       Constrict         |    24 |     2 ||    26
       Tentacles         |    14 |     3 ||    17
       Punch             |     1 |     1 ||     2
 Stab: Sleeping          |     5 |       ||     5
Armor: Skin              |     9 |     1 ||    10
Dodge: Dodged            |    59 |    12 ||    71
